 Dungeon Crawl Stone Soup version 0.28-a0-1493-g08698888e4 (webtiles) character file.

Game seed: 5961096205083773254

4 hashsling the Gusty (level 1, 0/10 HPs)
             Began as a Tengu Air Elementalist on Jan 12, 2022.
             Slain by a ball python (3 damage)
             ... on level 1 of the Dungeon.
             The game lasted 00:00:48 (138 turns).

hashsling the Gusty (Tengu Air Elementalist)         Turns: 138, Time: 00:00:49

Health: 0/10       AC:  2    Str:  8    XL:     1   Next: 60%
Magic:  1/4        EV:  9    Int: 15    God:
Gold:   0          SH:  0    Dex: 14    Spells: 3/4 levels left

rFire   . . .      SeeInvis .   (no weapon)
rCold   . . .      Faith    .   (no shield)
rNeg    . . .      Spirit   .   a - +0 robe
rPois   .          Reflect  .   (helmet restricted)
rElec   .          Harm     .   (no cloak)
rCorr   .          Rampage  .   (no gloves)
Will    .....                   (boots unavailable)
Stlth   ++........              (no amulet)
HPRegen 0.03/turn               (no ring)
MPRegen 0.09/turn               (no ring)

@: constricted
A: beak, talons 3
a: no special abilities


You were on level 1 of the Dungeon.
You visited 1 branch of the dungeon, and saw 1 of its levels.

Inventory:

Armour
 a - a +0 robe (worn)


   Skills:
 - Level 2.1 Dodging
 - Level 2.0 Stealth
 + Level 2.0 Spellcasting
 + Level 1.6 Conjurations
 * Level 4.2 Air Magic


You had 3 spell levels left.
You knew the following spells:

 Your Spells              Type           Power      Damage    Failure   Level
a - Shock                 Conj/Air       40%        1d5       7%          1

Your spell library contained the following spells:

 Spells                   Type           Power      Damage    Failure   Level
 Static Discharge         Conj/Air       10%        N/A       10%         2
 Swiftness                Air            14%        N/A       12%         3
 Airstrike                Air            7%         N/A       36%         4


Dungeon Overview and Level Annotations

Branches:
Dungeon (1/15)

Altars:


Innate Abilities, Weirdness & Mutations

You have a beak for a mouth.
You have claws for feet.


Message History

The zap misses the hobgoblin.
The zap hits the giant cockroach.
The giant cockroach is moderately wounded.
The zap hits the hobgoblin.
The hobgoblin is severely wounded.
The giant cockroach bites you but does no damage.
A goblin comes into view. It is wielding a +0 club.
The goblin shouts!
A ball python comes into view.
A goblin comes into view. It is wielding a +0 club.
A frilled lizard comes into view.
The ball python hisses angrily.
The goblin shouts!
The frilled lizard hisses angrily.
The giant cockroach bites you but does no damage.
The giant cockroach misses you.
A ball python comes into view.
The ball python bites you. The ball python grabs you.
The ball python constricts you.
You escape the ball python's grasp.
A hobgoblin comes into view.
The hobgoblin shouts!
The goblin drinks a potion.
The goblin seems to speed up.
The giant cockroach waves its antennae.
The giant cockroach bites you.
The ball python hisses angrily.
The hobgoblin barely misses you.
A dart slug comes into view.
The dart slug closely misses you. The giant cockroach bites you.
You hit the dart slug but do no damage. Your kick misses the dart slug.
The ball python bites you. The ball python grabs you.
The ball python constricts you.
* * * LOW HITPOINT WARNING * * *
The dart slug closely misses you. The giant cockroach barely misses you.
The hobgoblin barely misses you.
You escape the ball python's grasp.
The ball python barely misses you. The ball python grabs you.
The ball python constricts you.
The ball python's grasp on you weakens, but your attempt to escape fails.
The dart slug bites you but does no damage.
The goblin barely misses you. The ball python bites you.
You die...

#### #... #... .
#...# ###. #...
... #... ..# .#
#..##.# ..#
#.g@w.# ..#
####SSg####.#
#.....gB.#...#
...........#
........l.##
........g########
#...............#
.........#l.....#
................#


You could see a dart slug, a giant cockroach, 2 hobgoblins, 2 goblins, 2 ball
pythons and a frilled lizard.

Vanquished Creatures
  A dart slug (D:1)
  A ball python (D:1)
  A bat (D:1)
3 creatures vanquished.

Notes
Turn   | Place    | Note
-------+----------+-------------------------------------------
     0 | D:1      | hashsling the Tengu Air Elementalist began the quest for
                  | the Orb.
     0 | D:1      | Reached XP level 1. HP: 10/10 MP: 4/4
   138 | D:1      | Slain by a ball python

Illustrated notes

Levels and vault maps discovered:
D:1:      amcnicky_arrival_choice, layout_rooms, ebering_ecumenical_altar_hall

Action                   || total
-------------------------++-------
Melee: Unarmed           ||     1
 Cast: Shock             ||    11
Armor: Robe              ||     3
Dodge: Dodged            ||     9

Table legend: (Time is in decaauts)
 A = Elapsed time spent in this place.
 B = Non-inter-level travel time spent in this place.
 C = Inter-level travel time spent in this place.
 D = Time resting spent in this place.
 E = Time spent auto-exploring this place.
 F = Levels seen in this place.
 G = Mean time per level.
                   A        B        C        D        E       F      G
               +--------+--------+--------+--------+--------+-----+--------+
         Total |    138 |    138 |      0 |      0 |     94 |   1 |  138.0 |
       Dungeon |    138 |    138 |      0 |      0 |     94 |   1 |  138.0 |
               +--------+--------+--------+--------+--------+-----+--------+

Top non-repeatable levels by time:
     D:1: 138 daAuts
